 Dungeon Crawl Stone Soup version 0.28.0-1-gb440e238dd (webtiles) character file.

Game seed: 14776541149490287703

5581 Ablot the Magician (level 10, -11/79 HPs)
             Began as a Gnoll Warper on Feb 24, 2022.
             Was a Priest of Okawaru.
             Mangled by Snorg (14 damage)
             ... on level 10 of the Dungeon.
             The game lasted 00:23:23 (10672 turns).

Ablot the Magician (Gnoll Warper)                  Turns: 10672, Time: 00:23:23

Health: -11/79     AC: 17    Str: 15    XL:     10   Next: 72%
Magic:  24/30      EV: 16    Int: 12    God:    Okawaru [***...]
Gold:   464        SH:  0    Dex: 12    Spells: 16/24 levels left

rFire   . . .      SeeInvis .   y - +6 shillelagh "Devastator" {shatter}
rCold   . . .      Faith    .   (no shield)
rNeg    . . .      Spirit   .   W - +0 acid dragon scales
rPois   .          Reflect  .   l - +2 helmet
rElec   .          Harm     .   K - +2 cloak
rCorr   +          Rampage  .   N - +0 pair of gloves
Will    .....                   (no boots)
Stlth   ++++......              P - amulet of the acrobat
HPRegen 0.23/turn               f - ring of magical power
MPRegen 0.22/turn               w - ring of wizardry

@: heroic
A: fangs 1, strong nose, distributed training
a: Renounce Religion, Heroism


You were on level 10 of the Dungeon.
You worshipped Okawaru.
Okawaru was most pleased with you.
You visited 2 branches of the dungeon, and saw 11 of its levels.

You collected 464 gold pieces.

Inventory:

Hand Weapons
 i - a +0 vorpal spear
 m - a +0 hunting sling of freezing
 y - the +6 shillelagh "Devastator" (weapon) {shatter}
   (You found it on level 3 of the Dungeon)

   It releases a powerful concussive burst when it strikes, dealing extra damage
   to the target and all other foes adjacent to them.
 R - the +5 quarterstaff "Kitioq" {speed, Contam Str+7 Int+3}
   (You found it on level 7 of the Dungeon)

   Attacks with this weapon are significantly faster.
   Str:       It affects your strength (+7).
   Int:       It affects your intelligence (+3).
   Contam:    It causes magical contamination when unequipped.
Missiles
 a - 10 boomerangs
 d - 5 boomerangs of dispersal
 e - 3 atropa-tipped darts
 h - 358 stones
 t - 100 sling bullets
 C - 16 poisoned darts (quivered)
 H - 151 arrows
 I - 2 curare-tipped darts
 J - 83 bolts
Armour
 l - a +2 helmet (worn)
 K - a +2 cloak (worn)
 N - a +0 pair of gloves (worn)
 W - +0 acid dragon scales (worn)
Magical Staves
 T - a staff of conjuration
 Z - a staff of earth
Jewellery
 f - a ring of magical power (left hand)
 w - a ring of wizardry (right hand)
 P - an amulet of the acrobat (around neck)
Wands
 j - a wand of paralysis (5)
 v - a wand of charming (6)
 F - a wand of mindburst (16)
 Q - a wand of iceblast (2)
 S - a wand of flame (11)
Scrolls
 b - a scroll of fear {unknown}
 c - 2 scrolls of blinking
 g - a scroll of vulnerability {unknown}
 n - 4 scrolls of fog {unknown}
 o - 4 scrolls of magic mapping {unknown}
 q - 9 scrolls of teleportation {unknown}
 z - 2 scrolls of immolation {unknown}
 A - a scroll of noise {unknown}
 L - a scroll of enchant weapon {unknown}
 U - 2 scrolls of enchant armour {unknown}
 X - a scroll of silence {unknown}
 Y - a scroll of brand weapon {unknown}
Potions
 k - 3 potions of curing
 p - 4 potions of attraction
 r - a potion of haste
 s - 3 potions of mutation
 u - a potion of resistance
 x - a potion of ambrosia {unknown}
 B - a potion of berserk rage {unknown}
 D - a potion of heal wounds {unknown}
 E - 3 potions of flight
 G - 2 potions of cancellation
 M - a potion of lignification {unknown}
 O - 3 potions of magic
 V - a potion of brilliance {unknown}


   Skills:
 + Level 7.3(12.3) Fighting
 + Level 5.5(10.5) Short Blades
 + Level 5.5(10.5) Long Blades
 + Level 5.5(10.5) Axes
 + Level 5.5(10.5) Maces & Flails
 + Level 7.3(12.3) Polearms
 + Level 5.5(10.5) Staves
 + Level 5.5(10.5) Slings
 + Level 5.5(10.5) Bows
 + Level 5.5(10.5) Crossbows
 + Level 6.2(11.2) Throwing
 + Level 6.2(11.2) Armour
 + Level 7.3(12.3) Dodging
 + Level 5.5(10.5) Stealth
 + Level 5.5(10.5) Shields
 + Level 5.5(10.5) Unarmed Combat
 + Level 7.5 Spellcasting
 + Level 4.5 Conjurations
 + Level 4.5 Hexes
 + Level 4.5 Summonings
 + Level 4.5 Necromancy
 + Level 7.2 Translocations
 + Level 4.5 Transmutations
 + Level 4.5 Fire Magic
 + Level 4.5 Ice Magic
 + Level 4.5 Air Magic
 + Level 4.5 Earth Magic
 + Level 4.5 Poison Magic
 + Level 6.1 Invocations
 + Level 5.5 Evocations


You had 16 spell levels left.
You knew the following spells:

 Your Spells              Type           Power      Damage    Failure   Level
a - Blink                 Tloc           42%        N/A       1%          2
b - Poisonous Vapours     Pois/Air       30%        N/A       1%          2
c - Sting                 Tmut/Pois      60%        1d6       1%          1
d - Gell's Gravitas       Tloc           21%        N/A       1%          3

Your spell library contained the following spells:

 Spells                   Type           Power      Damage    Failure   Level
 Apportation              Tloc           42%        N/A       1%          1
 Lesser Beckoning         Tloc           21%        N/A       1%          3
 Teleport Other           Tloc           21%        N/A       1%          3
 Olgreb's Toxic Radiance  Pois           15%        N/A       12%         4
 Manifold Assault         Tloc           21%        N/A       12%         5
 Fireball                 Conj/Fire      7%         3d5       32%         5
 Iskenderun's Battlesphe  Conj           15%        2d7       32%         5
 Conjure Ball Lightning   Conj/Air       7%         3x3d6     86%         6
 Orb of Destruction       Conj           7%         9d6       100%        7
 Animate Skeleton         Necr           Unusable   N/A       N/A         1
 Summon Small Mammal      Summ           Unusable   N/A       N/A         1

Dungeon Overview and Level Annotations

Branches:
Dungeon (10/15)            Temple (1/1) D:6            Lair (0/6) D:8
    Orc: D:9-12

Altars:
Ashenzari
Cheibriados
Dithmenos
Elyvilon
Fedhas
Gozag
Hepliaklqana
Kikubaaqudgha
Nemelex Xobeh
Okawaru
Ru
Trog
Uskayaw
Vehumet
Wu Jian
Xom
Yredelemnul
Zin
The Shining One

Shops:
D:2 (   D:10 [

Annotations:
D:10 Snorg


Innate Abilities, Weirdness & Mutations

You have very sharp teeth.
Your uncanny sense of smell can sniff out nearby items.
Your experience applies equally to all skills.


Message History

Snorg misses you. Snorg barely misses you. Snorg completely misses you.
Snorg closely misses you. Snorg claws you! x2
Unknown command.
You hit Snorg.
Snorg shudders.
Snorg is heavily wounded. x2
Snorg misses you. x2; Snorg claws you!
Unknown command.
You barely miss Snorg.
Snorg is heavily wounded.
Snorg misses you. Snorg claws you! Snorg claws you. Snorg bites you!
* * * LOW HITPOINT WARNING * * *
Snorg claws you but does no damage. Snorg claws you.
* * * LOW HITPOINT WARNING * * *
Unknown command.
Snorg completely misses you. Snorg claws you but does no damage.
Snorg completely misses you. Snorg completely misses you.
Snorg closely misses you. Snorg completely misses you.
Snorg rages.
Snorg completely misses you. Snorg claws you but does no damage.
Snorg misses you.
Snorg rages.
Snorg completely misses you. x2; Snorg closely misses you.
Snorg barely misses you. Snorg completely misses you. x2
Snorg barely misses you. Snorg claws you!
* * * LOW HITPOINT WARNING * * *
Snorg claws you but does no damage.
There is an open door here.
Okay, then.
You gain the combat prowess of a mighty hero.
Snorg bites you but does no damage. Snorg barely misses you.
Snorg claws you but does no damage. Snorg closely misses you.
Snorg barely misses you. Snorg misses you.
Unknown command.
You hit Snorg.
Snorg shudders.
Snorg is heavily wounded.
Your punch misses Snorg. You bite Snorg.
Snorg is heavily wounded.
Snorg completely misses you. Snorg barely misses you. Snorg claws you!
You die...

#.....# .... # ###'### #### #
#...# #.. ## #.### #.# #.
##.#### #.# #. #.....#
##'##### #. #.....#
#......### #. #.....#
####......'.## #. #.....#
#.T@......#..######.
#.....####.##......##.)).....
#.<........#################.
#.....###### #. ####### ##


You could see Snorg (berserk, very poisoned).

Vanquished Creatures
  Pikel (D:6)
  A kobold demonologist (D:10)
  A hornet (D:9)
  Prince Ribbit (D:7)
  Sigmund (D:2)
  4 yaks (D:8)
  A wyvern (D:8)
  A steam dragon (D:8)
  2 wargs (D:7)
  An acid dragon (D:8)
  A hornet zombie (D:6)
  4 orc warriors
  A black bear (D:6)
  A sky beast (D:6)
  3 centaurs
  2 necrophages (D:7)
  A lemure (D:6)
  2 kobold brigands
  A wyvern zombie (D:8)
  3 bullfrogs
  A gnoll sergeant (D:6)
  2 scorpions (D:5)
  7 wights
  3 centaur zombies
  3 jellies
  A gnoll shaman (D:4)
  Crazy Yiuf (D:2)
  2 bullfrog skeletons
  A centaur skeleton (D:6)
  3 orc priests
  2 iguanas
  A scorpion zombie (D:5)
  Ijyb (D:5)
  4 orc wizards
  Robin (D:2)
  7 gnolls
  5 adders
  2 shadow imps
  An adder skeleton (D:2)
  5 worms
  3 dart slugs
  23 orcs
  2 bats
  8 endoplasms
  4 giant cockroaches
  8 hobgoblins
  A jackal (D:2)
  7 quokkas
  7 ball pythons
  A frilled lizard (D:2)
  14 goblins
  19 kobolds
  3 rats (D:1)
186 creatures vanquished.

Notes
Turn   | Place    | Note
-------+----------+-------------------------------------------
     0 | D:1      | Ablot the Gnoll Warper began the quest for the Orb.
     0 | D:1      | Reached XP level 1. HP: 20/20 MP: 6/6
   407 | D:1      | Reached XP level 2. HP: 26/26 MP: 7/7
   410 | D:1      | Learned a level 2 spell: Blink
  1138 | D:2      | Reached XP level 3. HP: 31/31 MP: 9/9
  1158 | D:2      | Found Wucelozui's Weapon Shop.
  1166 | D:2      | Reached skill level 5 in Spellcasting
  1205 | D:1      | Reached skill level 1 in Short Blades
  1205 | D:1      | Reached skill level 1 in Long Blades
  1205 | D:1      | Reached skill level 1 in Axes
  1205 | D:1      | Reached skill level 1 in Maces & Flails
  1205 | D:1      | Reached skill level 1 in Staves
  1205 | D:1      | Reached skill level 1 in Slings
  1205 | D:1      | Reached skill level 1 in Bows
  1205 | D:1      | Reached skill level 1 in Crossbows
  1205 | D:1      | Reached skill level 1 in Stealth
  1205 | D:1      | Reached skill level 1 in Shields
  1205 | D:1      | Reached skill level 1 in Unarmed Combat
  1205 | D:1      | Reached skill level 1 in Invocations
  1205 | D:1      | Reached skill level 1 in Evocations
  1205 | D:1      | Reached XP level 4. HP: 19/38 MP: 11/11
  1910 | D:2      | Noticed Robin
  1935 | D:2      | Reached skill level 1 in Conjurations
  1935 | D:2      | Reached skill level 1 in Hexes
  1935 | D:2      | Reached skill level 1 in Summonings
  1935 | D:2      | Reached skill level 1 in Necromancy
  1935 | D:2      | Reached skill level 1 in Transmutations
  1935 | D:2      | Reached skill level 1 in Fire Magic
  1935 | D:2      | Reached skill level 1 in Ice Magic
  1935 | D:2      | Reached skill level 1 in Air Magic
  1935 | D:2      | Reached skill level 1 in Earth Magic
  1935 | D:2      | Reached skill level 1 in Poison Magic
  1955 | D:2      | Killed Robin
  2219 | D:2      | Noticed Sigmund
  2240 | D:2      | Killed Sigmund
  2241 | D:2      | Reached XP level 5. HP: 23/43 MP: 12/12
  2241 | D:2      | Reached XP level 6. HP: 27/50 MP: 14/14
  2414 | D:2      | Found a runed translucent door.
  2801 | D:3      | Reached skill level 5 in Fighting
  2801 | D:3      | Reached skill level 5 in Polearms
  2801 | D:3      | Reached skill level 5 in Dodging
  3239 | D:3      | Found the +6 shillelagh "Devastator" {shatter}
  4314 | D:5      | Entered Level 5 of the Dungeon
  4318 | D:5      | Reached XP level 7. HP: 56/56 MP: 15/15
  4529 | D:5      | Noticed Ijyb
  4535 | D:5      | Killed Ijyb
  5051 | D:5      | Learned a level 2 spell: Poisonous Vapours
  5053 | D:5      | Learned a level 1 spell: Sting
  5095 | D:6      | Reached XP level 8. HP: 51/63 MP: 16/16
  5968 | D:6      | Noticed Pikel
  5976 | D:6      | Killed Pikel
  5977 | D:6      | Reached XP level 9. HP: 53/69 MP: 18/18
  6420 | D:6      | Found a staircase to the Ecumenical Temple.
  6429 | Temple   | Entered the Ecumenical Temple
  6531 | Temple   | Learned a level 3 spell: Gell's Gravitas
  6569 | Temple   | Became a worshipper of Warmaster Okawaru
  6734 | D:7      | Noticed Prince Ribbit
  6900 | D:7      | Reached skill level 5 in Throwing
  6900 | D:7      | Reached skill level 5 in Armour
  7016 | D:7      | Killed Prince Ribbit
  7016 | D:7      | Reached * piety under Okawaru
  7123 | D:7      | Identified the +5 quarterstaff "Kitioq" {speed, Contam
                  | Str+7 Int+3}
  7285 | D:7      | Reached skill level 5 in Invocations
  7773 | D:8      | Reached ** piety under Okawaru
  7774 | D:8      | Reached XP level 10. HP: 72/77 MP: 20/20
  7825 | D:8      | Found a staircase to the Lair.
  8001 | D:8      | Reached skill level 5 in Short Blades
  8001 | D:8      | Reached skill level 5 in Long Blades
  8001 | D:8      | Reached skill level 5 in Axes
  8001 | D:8      | Reached skill level 5 in Maces & Flails
  8001 | D:8      | Reached skill level 5 in Staves
  8001 | D:8      | Reached skill level 5 in Slings
  8001 | D:8      | Reached skill level 5 in Bows
  8001 | D:8      | Reached skill level 5 in Crossbows
  8001 | D:8      | Reached skill level 5 in Stealth
  8001 | D:8      | Reached skill level 5 in Shields
  8001 | D:8      | Reached skill level 5 in Unarmed Combat
  8001 | D:8      | Reached skill level 5 in Evocations
  8975 | D:9      | Paralysed by a hornet for 2 turns
  9944 | D:2      | Noticed Crazy Yiuf
  9953 | D:2      | Killed Crazy Yiuf
 10180 | D:10     | Entered Level 10 of the Dungeon
 10216 | D:10     | Found Etyud's Armour Boutique.
 10223 | D:10     | Reached *** piety under Okawaru
 10410 | D:10     | Found an opulent altar of Gozag.
 10504 | D:10     | Noticed a kobold demonologist
 10508 | D:10     | Killed a kobold demonologist
 10636 | D:10     | Noticed Snorg
 10669 | D:10     | HP: 2/79 [Snorg (9)]
 10672 | D:10     | Mangled by Snorg

Illustrated notes

Levels and vault maps discovered:
D:1:      onia_arrival_pyramid, layout_loops_ring,
          chequers_serial_rivers_small_3, serial_bayou_pond_c,
          minmay_misc_feat_room
D:2:      minmay_alternating_diamond, layout_loops_ring, serial_shops,
          nicolae_shop_bloodbath_and_beyond, uniq_crazy_yiuf_cottage,
          uniq_sigmund, uniq_robin
D:3:      layout_loops_ring
D:4:      layout_gridville, st_stairs_13
D:5:      layout_loops_cross, nicolae_fountain_basement, uniq_ijyb
D:6:      layout_basic, temple_hall, uniq_pikel
D:7:      layout_basic, uniq_prince_ribbit1
D:8:      layout_basic, erik_lair_orcish_takeover, grunt_ministairs_9
D:9:      layout_roguey
D:10:     layout_roguey, grunt_temple_overflow_open, serial_shops,
          nicolae_square_shop, kennysheep_pointless_box, uniq_snorg
Temple:   compressed_dpeg_circular_temple

Skill      XL: |  1  2  3  4  5  6  7  8  9 10 |
---------------+-------------------------------+-----
Spellcasting   | 5 6 7 |  7.5
Short Blades   | 1 2 3 4 5 |  5.5
Long Blades    | 1 2 3 4 5 |  5.5
Axes           | 1 2 3 4 5 |  5.5
Maces & Flails | 1 2 3 4 5 |  5.5
Staves         | 1 2 3 4 5 |  5.5
Slings         | 1 2 3 4 5 |  5.5
Bows           | 1 2 3 4 5 |  5.5
Crossbows      | 1 2 3 4 5 |  5.5
Stealth        | 1 2 3 4 5 |  5.5
Shields        | 1 2 3 4 5 |  5.5
Unarmed Combat | 1 2 3 4 5 |  5.5
Invocations    | 1 2 3 4 5 6 |  6.1
Evocations     | 1 2 3 4 5 |  5.5
Conjurations   | 1 2 3 4 |  4.5
Hexes          | 1 2 3 4 |  4.5
Summonings     | 1 2 3 4 |  4.5
Necromancy     | 1 2 3 4 |  4.5
Transmutations | 1 2 3 4 |  4.5
Fire Magic     | 1 2 3 4 |  4.5
Ice Magic      | 1 2 3 4 |  4.5
Air Magic      | 1 2 3 4 |  4.5
Earth Magic    | 1 2 3 4 |  4.5
Poison Magic   | 1 2 3 4 |  4.5
Throwing       | 3 4 5 6 |  6.2
Armour         | 3 4 5 6 |  6.2
Fighting       | 5 6 7 |  7.3
Polearms       | 5 6 7 |  7.3
Dodging        | 5 6 7 |  7.3
Translocations | 6 7 |  7.2

Action                   |  1- 3 |  4- 6 |  7- 9 | 10-12 || total
-------------------------+-------+-------+-------+-------++-------
Melee: Spear             |   107 |   175 |       |       ||   282
       Bite              |    10 |    17 |    10 |    10 ||    47
       Punch             |     2 |     3 |     6 |     7 ||    18
       Shillelagh        |       |    29 |   121 |    96 ||   246
Throw: Stone             |     4 |       |       |       ||     4
       Boomerang         |       |     4 |       |     1 ||     5
 Cast: Blink             |     1 |       |       |       ||     1
       Poisonous Vapours |       |       |       |     8 ||     8
       Sting             |       |       |       |     7 ||     7
Invok: Heroism           |       |       |       |     1 ||     1
  Use: Scroll            |       |       |     4 |     5 ||     9
       Potion            |       |       |       |     1 ||     1
 Stab: Sleeping          |       |    11 |     5 |     1 ||    17
Armor: Leather armour    |    16 |    37 |    17 |       ||    70
       Robe              |       |       |    13 |       ||    13
       Ring mail         |       |       |     5 |    12 ||    17
       Acid dragon scale |       |       |       |    35 ||    35
Dodge: Dodged            |    50 |    86 |    87 |    90 ||   313
